 Seeded DCSS version 0.29.1-15-g9cfb28693d (webtiles) character file.

Game seed: 16245865983455551772 (custom seed)

4 Atreus the Chopper (level 1, 7/19 HPs)
             Began as a Palentonga Berserker on Mar 9, 2023.
             Was a Follower of Trog.
             Quit the game on level 1 of the Dungeon.
             The game lasted 00:00:27 (84 turns).

Atreus the Chopper (Palentonga Berserker)             Turns: 84, Time: 00:00:28

Health: 7/19       AC:  4    Str: 22    XL:     1   Next: 50%
Magic:  1/1        EV:  9    Int:  7    God:    Trog [*.....]
Gold:   682        SH:  0    Dex:  9    Spells: 0/0 levels left

rFire   . . .      SeeInvis +   a - +0 hand axe
rCold   . . .      Faith    .   (no shield)
rNeg    . . .      Spirit   .   b - +0 animal skin
rPois   .          Reflect  .   (no helmet)
rElec   .          Harm     .   (no cloak)
rCorr   .          Rampage  .   (no gloves)
Will    .....                   (no barding)
Stlth   +.........              (no amulet)
HPRegen 0.06/turn               (no ring)
MPRegen 0.07/turn               (no ring)

@: on berserk cooldown, studying Fighting
A: large, rugged brown scales 3, see invisible, deformed body, roll 1, armoured
tail
a: Rolling Charge, Renounce Religion, Berserk


You were on level 1 of the Dungeon.
You worshipped Trog.
Trog was aware of your devotion.
You visited 1 branch of the dungeon, and saw 1 of its levels.

You collected 682 gold pieces.

Inventory:

Hand Weapons
 a - a +0 hand axe (weapon)
Armour
 b - a +0 animal skin (worn)
Scrolls
 c - a scroll of acquirement


   Skills:
 + Level 3.1 Fighting
 + Level 3.1 Axes
 + Level 1.6 Armour
 + Level 1.6 Dodging


You couldn't memorise any spells.
You didn't know any spells.
Your spell library was empty.

Dungeon Overview and Level Annotations

Branches:
Dungeon (1/15)

Altars:


Innate Abilities, Weirdness & Mutations

You are completely covered in rugged brown scales. (AC +3, +7% HP)
You have supernaturally acute eyesight. (SInv)
Armour fits poorly on your strangely shaped body.
You can roll at nearby foes to attack.
You have a long armoured tail.


Message History

The quokka is moderately wounded.
The quokka barely misses you.
You closely miss the quokka.
The quokka is moderately wounded.
The quokka bites you but does no damage.
You hit the quokka.
The quokka is almost dead.
The quokka closely misses you. The quokka barely misses you.
You miss the quokka.
The quokka is almost dead.
The quokka bites you.
* * * LOW HITPOINT WARNING * * *
A red film seems to cover your vision as you go berserk!
You feel yourself moving faster!
You feel mighty! The quokka closely misses you. The quokka barely misses you.
You closely miss the quokka.
The quokka is almost dead.
You hit the quokka.
You kill the quokka!
Trog accepts your kill.
You hit the goblin.
You kill the goblin!
Trog accepts your kill.
Things that are here:
a +0 dagger; a goblin corpse You feel a strong urge to attack something.
You feel your anger nearly subside.
You are no longer berserk.
You are exhausted.
You feel yourself slow down.
c - 3 scrolls labelled WAC GOIFOFITOUPLEC
There are no items here.
This is a scroll of acquirement!
You see here a manual of Fighting.
Something appears at your feet!
You pick up a manual of Fighting and begin studying.
Something appears at your feet!
You now have 682 gold pieces.
Okay, then.
You feel yourself speed up.
Are you sure you want to abandon this character and quit the game? (Confirm with "yes".)

###### # ..##.. .#
#.##.# #.#
#.##.######..###
#.#.###.##@#..........
.............#..#.....
....###.##...#..# ...
.. #.#...###.## #
..#...# #..# ...#
####..## ##.## ....
#..#.r #..# ....#
#.##...##)## ....#
..#.... #..#.....#


There were no monsters in sight!

Vanquished Creatures
  An endoplasm (D:1)
  A goblin (D:1)
  A quokka (D:1)
3 creatures vanquished.

Notes
Turn   | Place    | Note
-------+----------+-------------------------------------------
     0 | D:1      | Atreus the Palentonga Berserker began the quest for the
                  | Orb.
     0 | D:1      | Reached XP level 1. HP: 19/19 MP: 1/1
    68 | D:1      | Identified 3 scrolls of acquirement
    68 | D:1      | Acquired a manual of Fighting
    77 | D:1      | Acquired 682 gold pieces
    84 | D:1      | Quit the game

Illustrated notes

Levels and vault maps discovered:
D:1:      minmay_arrival_hallway, layout_loops_corners, basic_ecumenical_altar,
          minmay_unequal

Action                   || total
-------------------------++-------
Melee: Hand axe          ||    12
Invok: Berserk           ||     1
  Use: Scroll            ||     2
Armor: Animal skin       ||     5
Dodge: Dodged            ||    10
